 Dungeon Crawl Stone Soup version 0.30-a0-743-gbfdf073431 (webtiles) character file.

Game seed: 6518113004925230763

28205 sanka the Gelid (level 12, 0/96 HPs)
             Began as a Demigod Ice Elementalist on Feb 5, 2023.
             Slain by a meliai
             ... wielding a +0 hand axe
              (3 damage)
             ... on level 13 of the Dungeon on Feb 6, 2023.
             The game lasted 00:49:52 (21029 turns).

sanka the Gelid (Demigod Ice Elementalist)         Turns: 21029, Time: 00:49:53

Health: 0/96       AC: 11    Str: 11    XL:     12   Next: 74%
Magic:  5/23       EV: 14    Int: 39    God:
Gold:   661        SH:  0    Dex: 14    Spells: 3/21 levels left

rFire   x . .      SeeInvis .    b - staff of cold
rCold   + + .      Faith    .    (no shield)
rNeg    . . .      Spirit   .    L - +0 steam dragon scales
rPois   .          Reflect  .    M - +1 helmet
rElec   .          Harm     .    q - +1 cloak
rCorr   .          Rampage  .    W - +1 pair of gloves "Iclas" {Str+2}
Will    +....                    (no boots)
Stlth   ++                       O - amulet of regeneration
HPRegen 1.16/turn                T - +6 ring of intelligence
MPRegen 0.18/turn                B - ring of ice

@: studying Axes
A: high MP 1, forlorn, divine attributes
a: no special abilities


You were on level 13 of the Dungeon.
You visited 1 branch of the dungeon, and saw 13 of its levels.
You also visited: Sewer and Bailey.

You collected 1129 gold pieces.
You spent 468 gold pieces at shops.


Innate Abilities, Weirdness & Mutations

You have an increased reservoir of magic. (+10% MP)
You shall have no god before yourself.
Your divine heritage dramatically boosts your attributes as you level up.


   Skills:
 - Level 6.0 Fighting
 - Level 6.0 Dodging
 - Level 1.7 Stealth
 - Level 5.0 Spellcasting
 - Level 2.0 Summonings
 + Level 17.1 Ice Magic
 + Level 5.6 Evocations


You had 3 spell levels left.
You knew the following spells:

 Your Spells              Type           Power      Damage    Failure   Level
a - Ozocubu's Armour      Ice            100%       N/A       0%          3
x - Summon Ice Beast      Ice/Summ       100%       N/A       1%          4
y - Frozen Ramparts       Ice            100%       1d16      0%          3
z - Freeze                Ice            100%       1d10      0%          1
X - Ozocubu's Refrigerat  Ice            72%        4d23      2%          7

Your spell library contained the following spells:

 Spells                   Type           Power      Damage    Failure   Level
 Call Imp                 Summ           25%        N/A       1%          2
 Ensorcelled Hibernation  Hex/Ice        100%       N/A       1%          2
 Magic Dart               Conj           36%        1d4       3%          1
 Shock                    Conj/Air       36%        1d5       3%          1
 Static Discharge         Conj/Air       18%        2-3/arc   4%          2
 Sublimation of Blood     Necr           9%         N/A       4%          2
 Wereblood                Tmut           9%         N/A       4%          2
 Mephitic Cloud           Conj/Pois/Air  9%         N/A       10%         3
 Portal Projectile        Hex/Tloc       18%        N/A       10%         3
 Spider Form              Tmut/Pois      9%         N/A       10%         3
 Swiftness                Air            9%         N/A       10%         3
 Tukima's Dance           Hex            9%         N/A       10%         3
 Vhi's Electric Charge    Tloc/Air       18%        N/A       10%         3
 Airstrike                Air            4%         2d(1-17)  30%         4
 Anguish                  Hex/Necr       4%         N/A       30%         4
 Passage of Golubria      Tloc           9%         N/A       30%         4
 Arcjolt                  Conj/Air       4%         1d14      65%         5
 Blade Hands              Tmut           4%         N/A       65%         5
 Lightning Bolt           Conj/Air       4%         1d16      65%         5
 Yara's Violent Unravell  Hex/Tmut       4%         3d4       65%         5
 Summon Hydra             Summ           12%        N/A       100%        7

Inventory:

Hand Weapons
 a - a +4 flail of protection
 c - a +0 broad axe
 m - a +0 quarterstaff of speed
 G - a +1 dagger of draining
 J - a +1 dagger of distortion
 P - a +5 halberd
Missiles
 y - a curare-tipped dart {=f}
Armour
 q - a +1 cloak (worn)
 L - +0 steam dragon scales (worn)
 M - a +1 helmet (worn)
 S - a +0 robe of fire resistance
 U - the +4 kite shield of Least Resistance {+Inv Regen+ Slay+3}

   Slay:      It affects your accuracy & damage with ranged weapons and melee
   (+3).
   +Inv:      It lets you turn invisible.
   Regen:     It increases your rate of health regeneration.
 W - the +1 pair of gloves "Iclas" (worn) {Str+2}

   Str:       It affects your strength (+2).
Magical Staves
 b - a staff of cold (weapon)
Jewellery
 t - an amulet of reflection
 B - a ring of ice (right hand)
 D - a ring of resist corrosion
 O - an amulet of regeneration (around neck)
 T - a +6 ring of intelligence (left hand)
 Y - a +4 ring of protection
Wands
 H - a wand of mindburst (6)
 I - a wand of flame (17)
 N - a wand of roots (11)
 V - a wand of polymorph (9)
 X - a wand of quicksilver (1)
Scrolls
 d - 5 scrolls of poison {!r}
 f - 6 scrolls of enchant weapon
 j - 7 scrolls of teleportation {@r4}
 k - 4 scrolls of noise {!r}
 l - 5 scrolls of vulnerability {!r}
 o - a scroll of acquirement {unknown}
 u - 2 scrolls of amnesia
 v - 4 scrolls of enchant armour {unknown}
 x - 4 scrolls of fear
 z - 5 scrolls of blinking
 C - 4 scrolls of magic mapping
 F - 3 scrolls of fog {unknown}
 K - a scroll of silence {unknown}
 R - 2 scrolls of torment {unknown}
Potions
 e - 5 potions of lignification {unknown}
 g - a potion of ambrosia {unknown}
 h - 3 potions of curing {@q1}
 i - 3 potions of cancellation {unknown}
 n - 4 potions of heal wounds {unknown}
 p - 2 potions of attraction {unknown}
 r - 2 potions of flight {unknown}
 s - 3 potions of magic
 w - 2 potions of invisibility
 A - 4 potions of haste {@q3}
 E - 3 potions of mutation {unknown}
 Q - 2 potions of brilliance {unknown}

Dungeon Overview and Level Annotations

Branches:
Dungeon (13/15)            Temple (0/1) D:5            Lair (0/5) D:9
    Orc (0/2) D:11          Sewer (visited)          Bailey (visited)
 Vaults: D:13-14

Shops:
D:2 *(*   D:4 (   D:11 [   D:13 =

Annotations:
D:8 Gastronok

.. ... ▒▒ ▒▒▒▒ ...▒▒▒▒▒▒▒▒▒
▒▒▒▒▒.▒▒..▒▒...▒........
....h..p..<....▒........
..y....y.......▒...).... .
.......u.......▒.)...... ▒..
▒...▒▒▒▒.▒▒▒▒▒▒▒...)....
▒▒...▒▒▒▒▒▒▒▒▒▒.▒.......▒▒▒'▒▒.
▒..)...?........▒.......▒....▒.
▒...............▒.).....▒....▒.
▒...............'.......'....▒.
▒▒....▒▒▒▒.▒▒'▒▒▒.......▒▒▒..▒.


You could see a white ugly thing, 2 meliai and a howler monkey.


Message History

* * * LOW HITPOINT WARNING * * *
A howler monkey comes into view.
A meliai comes into view. It is wielding a +0 hand axe.
The meliai hits you with a +0 hand axe.
* * * LOW HITPOINT WARNING * * *
The meliai barely misses you.
The meliai moves out of view.
The howler monkey howls!
The meliai hits you with a +0 hand axe.
* * * LOW HITPOINT WARNING * * *
The meliai misses you. The meliai attacks as you move away!
The meliai hits you with a +0 hand axe.
* * * LOW HITPOINT WARNING * * *
The meliai stings you.
* * * LOW HITPOINT WARNING * * *
The howler monkey hoots and howls with incredible vigour!
The meliai invokes the aid of its god against you.
Something smites you!
* * * LOW HITPOINT WARNING * * *
You hear an angry buzzing noise.
You hear a howl!
You hear a shout!
Your magical contamination has completely faded away.
The meliai hits you with a +0 hand axe.
* * * LOW HITPOINT WARNING * * *
The meliai closely misses you.
There is a stone staircase leading up, spattered with blood here.
The meliai hits you with a +0 hand axe.
You die...

Action                     |  1- 3 |  4- 6 |  7- 9 | 10-12 || total
---------------------------+-------+-------+-------+-------++-------
  Melee: Hand axe          |    25 |     8 |    37 |       ||    70
         Punch             |     1 |       |       |     3 ||     4
         Dagger            |       |    12 |    24 |       ||    36
         Flail             |       |       |    21 |   167 ||   188
         Staff             |       |       |       |   112 ||   112
   Cast: Freeze            |    49 |    60 |   130 |    85 ||   324
         Frozen Ramparts   |       |    15 |    45 |    41 ||   101
         Ozocubu's Armour  |       |     8 |    38 |    41 ||    87
         Summon Ice Beast  |       |       |     1 |    23 ||    24
         Ozocubu's Refrige |       |       |       |    40 ||    40
  Evoke: Wand              |       |       |       |     7 ||     7
    Use: Potion            |       |     1 |       |     1 ||     2
         Scroll            |       |       |     6 |     3 ||     9
   Stab: Sleeping          |     4 |     1 |     4 |     1 ||    10
         Distracted        |       |       |       |     1 ||     1
 Armour: Robe              |    15 |    21 |    61 |       ||    97
         Steam dragon scal |       |       |    11 |   212 ||   223
  Dodge: Dodged            |    41 |    42 |   153 |   277 ||   513
  Block: Other             |       |       |    10 |    13 ||    23

Levels and vault maps discovered:
D:1:      denvon_arrival_waterhouse, layout_loops_ring
D:2:      layout_loops_corners, serial_shops, nicolae_lakefront_shop,
          nicolae_diamond_shop, nicolae_square_shop, uniq_crazy_yiuf_cottage
D:3:      layout_basic, amcnicky_altar_gilded, lemuel_blue_sif_altar,
          hex_medium, lexackson_kobold_supper, uniq_natasha
D:4:      layout_loops_cross, mainiacjoe_overflow_alcove_1,
          mainiacjoe_overflow_boulevard,
          mainiacjoe_overflow_concentric_impassable,
          gammafunk_temple_overflow_pools, general_overflow_altar, serial_shops,
          shop, gammafunk_ghost_cemetery, gup_sewer_entry_glass
D:5:      layout_loops_ring, yredelemnul_altar_generic,
          minmay_temple_entry_junction, hangedman_decor_diamond_cutter,
          uniq_edmund
D:6:      layout_rooms
D:7:      layout_loops_ring, lemuel_crystal_altar, okawaru_metal_pillars_3,
          mainiacjoe_overflow_small_starburst, uniq_duvessa
D:8:      layout_basic, lemuel_round_altar, uniq_psyche, uniq_gastronok
D:9:      layout_gridville, dpeg_oklobed_lair, enter_bailey_5, st_stairs_4,
          uniq_joseph
D:10:     layout_roguey [special_room_orc], makhleb_altar_promises_db,
          biasface_ghost_orc_armoury, laboratory
D:11:     minmay_glassy_protrusions, layout_basic, serial_shops, shop,
          nicolae_hepliaklqana_monster_ancestors
D:12:     layout_loops_ring, minmay_strange_pillars, xom_confusion_cloud,
          uniq_snorg
D:13:     layout_gridville, erik_vaults_2, serial_shops,
          nicolae_shop_hallway_stairs, minmay_variable_closet,
          nicolae_shop_i_like_big_books, uniq_frances

Notes
Turn   | Place    | Note
-------+----------+-------------------------------------------
     0 | D:1      | sanka the Demigod Ice Elementalist began the quest for the
                  | Orb.
     0 | D:1      | Reached XP level 1. HP: 14/14 MP: 5/5
    89 | D:1      | Reached skill level 2 in Spellcasting
   209 | D:1      | Reached skill level 4 in Ice Magic
   209 | D:1      | Reached XP level 2. HP: 19/20 MP: 5/7
  1365 | D:2      | Reached XP level 3. HP: 22/26 MP: 4/8
  1554 | D:2      | Found Jyokliyl's General Store.
  1634 | D:2      | Found a runed translucent door.
  1635 | D:2      | Noticed Crazy Yiuf
  1739 | D:2      | Found Vashuiregu's Weapon Shoppe.
  1827 | D:2      | Learned a level 3 spell: Frozen Ramparts
  1883 | D:2      | Found Nuac's General Store.
  2231 | D:3      | Reached skill level 5 in Ice Magic
  2231 | D:3      | Reached XP level 4. HP: 19/33 MP: 5/9
  2627 | D:3      | Learned a level 3 spell: Ozocubu's Armour
  2897 | D:3      | Noticed Natasha
  2929 | D:3      | Killed Natasha
  2930 | D:3      | Reached skill level 6 in Ice Magic
  2930 | D:3      | Reached XP level 5. HP: 38/38 MP: 4/10
  3108 | D:4      | Found a runed translucent gate.
  3108 | D:4      | Found a runed translucent gate.
  3243 | D:4      | Found a glowing drain.
  3340 | Sewer    | Entered a sewer
  3401 | Sewer    | Reached XP level 6. HP: 39/45 MP: 5/11
  3453 | Sewer    | Reached skill level 7 in Ice Magic
  4548 | Sewer    | Reached skill level 8 in Ice Magic
  4548 | Sewer    | Reached skill level 2 in Dodging
  4548 | Sewer    | Reached XP level 7. HP: 34/51 MP: 3/13
  4929 | Sewer    | Reached skill level 1 in Fighting
  5579 | D:3      | Noticed Natasha
  5594 | D:3      | Killed Natasha
  5808 | D:3      | Noticed Natasha
  5816 | D:3      | Killed Natasha
  6430 | D:4      | Found Goop's Antique Weapon Boutique.
  6512 | D:4      | HP: 2/52 [phantom (6)]
  6514 | D:4      | Reached skill level 2 in Fighting
  6803 | D:4      | Found a runed translucent gate.
  6856 | D:4      | Reached skill level 3 in Dodging
  6947 | D:4      | Noticed CaliBri's ghost (novice MiFi)
  6947 | D:4      | Noticed vineage's ghost (novice GrFi)
  6947 | D:4      | Noticed funkygono's ghost (amateur GrFE)
  6947 | D:4      | Noticed jazmu's ghost (amateur GrEE)
  7151 | D:5      | Entered Level 5 of the Dungeon
  7280 | D:5      | Noticed Edmund
  7291 | D:5      | Killed Edmund
  7386 | D:5      | Found a staircase to the Ecumenical Temple.
  7428 | D:5      | Reached skill level 3 in Fighting
  7712 | D:5      | Reached skill level 4 in Dodging
  7837 | D:5      | Reached XP level 8. HP: 66/66 MP: 6/14
  8293 | D:5      | Reached skill level 4 in Fighting
  8635 | D:6      | Reached skill level 5 in Dodging
  9036 | D:6      | Reached skill level 5 in Fighting
  9565 | D:7      | Noticed Duvessa
  9567 | D:7      | Noticed Dowan
  9594 | D:7      | Killed Duvessa
  9595 | D:7      | Killed Dowan
  9596 | D:7      | Reached skill level 6 in Dodging
  9873 | D:7      | Reached skill level 6 in Fighting
  9956 | D:7      | Reached XP level 9. HP: 53/75 MP: 9/16
 10280 | D:7      | Reached skill level 3 in Spellcasting
 11310 | D:8      | Noticed Gastronok
 11336 | D:8      | Reached skill level 4 in Spellcasting
 11449 | D:8      | Learned a level 4 spell: Summon Ice Beast
 11470 | D:8      | Noticed Psyche
 11478 | D:8      | Killed Psyche
 11479 | D:8      | Reached skill level 1 in Summonings
 11479 | D:8      | Reached skill level 9 in Ice Magic
 11727 | D:8      | Reached skill level 2 in Summonings
 12568 | D:9      | Identified +0 steam dragon scales
 12665 | D:9      | Reached skill level 10 in Ice Magic
 12774 | D:9      | Found a staircase to the Lair.
 12787 | D:9      | Noticed Joseph
 12798 | D:9      | Killed Joseph
 12816 | D:9      | Found a flagged portal.
 12840 | D:9      | Reached XP level 10. HP: 48/83 MP: 1/19
 12847 | D:9      | Identified the +0 ring mail "Bufurhy" {Fly Will+}
 12864 | D:9      | Reached skill level 11 in Ice Magic
 12984 | Bailey   | Entered a bailey
 13322 | Bailey   | Noticed Prince Ribbit
 13323 | Bailey   | Noticed a vault guard
 13334 | Bailey   | Killed a vault guard
 13335 | Bailey   | Reached skill level 12 in Ice Magic
 13347 | Bailey   | Killed Prince Ribbit
 13382 | Bailey   | Noticed a vault guard
 13402 | Bailey   | Killed a vault guard
 13778 | Bailey   | Identified +0 steam dragon scales
 14203 | D:9      | Reached skill level 13 in Ice Magic
 14791 | D:4      | Killed jazmu's ghost
 14791 | D:4      | Killed CaliBri's ghost
 14801 | D:4      | Killed funkygono's ghost
 14803 | D:4      | Killed vineage's ghost
 14804 | D:4      | Reached XP level 11. HP: 89/89 MP: 4/20
 14857 | D:4      | Learned a level 7 spell: Ozocubu's Refrigeration
 14989 | D:2      | Killed Crazy Yiuf
 15068 | D:2      | Bought a +6 ring of intelligence for 468 gold pieces
 15267 | D:10     | Entered Level 10 of the Dungeon
 15296 | D:10     | Noticed a wizard
 15303 | D:10     | Killed a wizard
 15732 | D:10     | Reached skill level 14 in Ice Magic
 16021 | D:10     | Noticed a two-headed ogre
 16024 | D:10     | Killed a two-headed ogre
 16800 | D:10     | Found a runed translucent gate.
 16801 | D:10     | Found a runed translucent gate.
 16802 | D:10     | Found a runed translucent gate.
 16811 | D:10     | Noticed Chingon's ghost (journeyman MiFi)
 17092 | D:10     | Noticed a blizzard demon
 17162 | D:10     | Identified the +4 kite shield of Least Resistance {+Inv
                  | Regen+ Slay+3}
 17179 | D:10     | Killed Chingon's ghost
 17180 | D:10     | Reached skill level 15 in Ice Magic
 17299 | D:10     | Identified the +1 pair of gloves "Iclas" {Str+2}
 17441 | D:11     | Found a staircase to the Orcish Mines.
 18027 | D:11     | Found Ezowk's Antique Armour Shoppe.
 18086 | D:11     | Noticed a two-headed ogre
 18092 | D:11     | Killed a two-headed ogre
 18093 | D:11     | Reached skill level 5 in Spellcasting
 18352 | D:11     | Noticed a deep elf zephyrmancer
 18352 | D:11     | Noticed a deep elf knight
 18354 | D:11     | Noticed an ogre mage
 18361 | D:11     | Noticed an ettin
 18364 | D:11     | Noticed a skeletal warrior
 18373 | D:11     | Killed an ogre mage
 18381 | D:11     | Killed a deep elf zephyrmancer
 18382 | D:11     | Killed a deep elf knight
 18386 | D:11     | Killed an ettin
 18387 | D:11     | Reached skill level 16 in Ice Magic
 18387 | D:11     | Reached XP level 12. HP: 41/96 MP: 3/23
 18900 | D:12     | Reached skill level 1 in Evocations
 18971 | D:12     | Reached skill level 2 in Evocations
 19323 | D:12     | Reached skill level 3 in Evocations
 19538 | D:12     | Noticed Snorg
 19541 | D:12     | Killed Snorg
 19542 | D:12     | Reached skill level 4 in Evocations
 20146 | D:12     | Noticed a boulder beetle
 20148 | D:12     | Killed a boulder beetle
 20149 | D:12     | Reached skill level 5 in Evocations
 20527 | D:13     | Found Kuhynim's Jewellery Shoppe.
 20645 | D:13     | Reached skill level 17 in Ice Magic
 21027 | D:13     | HP: 4/96 [meliai/divine providence (14)]
 21029 | D:13     | Slain by a meliai

Vanquished Creatures
  Snorg (D:12)
  An ettin (D:11)
  An ogre mage (D:11)
  2 vault guards (Bailey)
  A boulder beetle (D:12)
  2 two-headed ogres
  A deep elf knight (D:11)
  A skeletal warrior (D:11)
  A wizard (D:10)
  A deep elf zephyrmancer (D:11)
  2 deep elf pyromancers
  2 manticores
  2 ugly things
  3 cyclopes
  Joseph (D:9)
  The ghost of CaliBri the Cleaver, a novice MiFi (D:4)
  An unseen horror (D:12)
  The ghost of vineage the Trooper, a novice GrFi (D:4)
  3 kobold demonologists
  Psyche (D:8)
  3 large abominations (D:10)
  4 meliai (D:13)
  A troll (D:13)
  Prince Ribbit (Bailey)
  3 shadows
  The ghost of funkygono the Firebug, an amateur GrFE (D:4)
  5 slime creatures (D:12)
  A spriggan (shapeshifter) (D:13)
  4 wraiths
  The ghost of jazmu the Magician, an amateur GrEE (D:4)
  11 yaks
  A wyvern (D:11)
  A vampire (D:12)
  4 humans (Bailey)
  2 steam dragons
  8 vampire mosquitoes (D:12)
  An acid dragon (D:12)
  Edmund (D:5)
  Duvessa (D:7)
  A water moccasin (D:8)
  4 orc warriors
  3 sky beasts
  An ogre (D:6)
  6 centaurs
  A phantom (D:4)
  6 kobold brigands
  10 bullfrogs
  3 necrophages
  A gnoll sergeant (D:8)
  6 small abominations
  4 scorpions
  3 wights (D:9)
  Dowan (D:7)
  15 killer bees
  6 howler monkeys
  4 hounds
  Crazy Yiuf (D:2)
  11 orc priests
  3 jellies
  4 iguanas
  14 orc wizards
  Natasha (thrice) (D:3)
  8 gnolls
  12 adders
  A shadow imp (D:6)
  A white imp (D:6)
  2 ufetubi
  5 worms
  2 dart slugs
  70 orcs
  9 bats
  11 endoplasms
  5 giant cockroaches
  8 goblins
  10 hobgoblins
  7 jackals
  3 quokkas
  11 ball pythons
  2 frilled lizards
  15 kobolds
  11 rats
  A spectral hobgoblin (D:11)
388 creatures vanquished.

Vanquished Creatures (collateral kills)
  The ghost of Chingon the Basher, a journeyman MiFi of the Shining One (D:10)
  A cyclops (D:12)
  A large abomination (D:10)
  An orc warrior (D:10)
  A small abomination (D:10)
  A wight (D:9)
  A killer bee (D:9)
7 creatures vanquished.

Vanquished Creatures (others)
  A shadow (D:12)
  An orc wizard (D:9)
  A white imp (D:7)
  4 fungi (D:9)
  16 plants
23 creatures vanquished.

Grand Total: 418 creatures vanquished
